 Dungeon Crawl Stone Soup version 0.24.0-2-g5b39cebb1c (webtiles) character file.

Game seed: 12564214871508299871, levelgen mode: deterministic

1924 Mrkan the Ruffian (level 8, -3/82 (83) HPs)
             Began as a Troll Monk on Oct 29, 2019.
             Was an Elder of Okawaru.
             Killed from afar by an electric eel (6 damage)
             ... with a bolt of electricity
             ... on level 7 of the Dungeon.
             The game lasted 00:10:13 (4622 turns).

Mrkan the Ruffian (Troll Monk)                      Turns: 4622, Time: 00:10:14

HP:   -3/82 (83)    AC:  8    Str: 20    XL:     8   Next: 96%
MP:   7/7           EV: 10    Int: 10    God:    Okawaru [****..]
Gold: 383           SH:  0    Dex: 12    Spells: 7/7 levels left

rFire    . . .     SeeInvis .     - Unarmed
rCold    . . .     Gourm    +   (no shield)
rNeg     + + .     Faith    .   m - +2 robe {rN+}
rPois    .         Spirit   .   (helmet restricted)
rElec    .         Reflect  .   (no cloak)
rCorr    .         Harm     .   (gloves unavailable)
MR       .....                  (boots unavailable)
Stlth    ++........             s - amulet of rage
HPRegen  0.63/turn              n - +2 ring of intelligence
MPRegen  0.10/turn              p - ring of positive energy

@: no status effects
A: large, unfitting armour, claws 3, fast metabolism 3, gourmand, regeneration
1, shaggy fur 1, tough skin 3
a: Heroism, Renounce Religion, Evoke Berserk Rage


You were on level 7 of the Dungeon.
You worshipped Okawaru.
Okawaru was greatly pleased with you.
You were full.

You visited 1 branch of the dungeon, and saw 7 of its levels.

You collected 383 gold pieces.

Inventory:

Missiles
 j - 3 javelins (quivered)
 t - 8 curare-tipped darts
Armour
 m - a +2 robe of positive energy (worn)
Jewellery
 n - a +2 ring of intelligence (left claw)
 p - a ring of positive energy (right claw)
 s - an amulet of rage (around neck)
Wands
 z - a wand of flame (13)
Scrolls
 d - a scroll of amnesia
 e - 3 scrolls of immolation
 h - 3 scrolls of remove curse
 k - a scroll of enchant weapon {unknown}
 o - 2 scrolls of enchant armour {unknown}
 v - a scroll of magic mapping {unknown}
 w - 2 scrolls of blinking
 x - 4 scrolls of teleportation
 y - a scroll of noise {unknown}
 A - 2 scrolls of fear {unknown}
Potions
 a - a potion of curing {unknown}
 c - 3 potions of brilliance
 g - a potion of haste {unknown}
 l - 2 potions of heal wounds
 q - a potion of agility
 r - a potion of mutation
 u - a potion of ambrosia {unknown}
Comestibles
 b - 15 rations


   Skills:
 + Level 6.1 Fighting
 * Level 6.2 Throwing
 - Level 2.4 Dodging
 - Level 1.0 Stealth
 - Level 7.1 Unarmed Combat


You had 7 spell levels left.
You didn't know any spells.
Your spell library contained the following spells:

 Spells                   Type           Power        Failure   Level  Hunger
 Summon Small Mammal      Summ           #...         36%         1    ##.....
 Call Imp                 Summ           #.......     50%         2    ###....
 Call Canine Familiar     Summ           #.......     75%         3    ####...
 Summon Guardian Golem    Hex/Summ       #.......     75%         3    ####...
 Summon Ice Beast         Ice/Summ       #.......     98%         4    #####..
 Summon Lightning Spire   Summ/Air       #.......     98%         4    #####..


Dungeon Overview and Level Annotations

Branches:
Dungeon (7/15)             Temple (0/1) D:5

Altars:
Okawaru


Innate Abilities, Weirdness & Mutations

You are too large for most types of armour.
You have claws for hands.
Your metabolism is lightning-fast.
You like to eat raw meat.
Your natural rate of healing is unusually fast.
You are covered in fur. (AC +1)
You have extremely tough skin. (AC +3)


Message History

The bullfrog is almost dead.
The bullfrog barely misses you. The bullfrog misses you.
You closely miss the bullfrog.
The bullfrog is almost dead.
The bullfrog barely misses you.
You scratch the bullfrog.
The bullfrog is almost dead.
The bullfrog hits you.
* * * LOW HITPOINT WARNING * * *
You claw the bullfrog!
You kill the bullfrog!
Okawaru accepts your kill.
The electric eel shoots out a bolt of lightning at you!
The bolt of electricity hits you!
* * * LOW HITPOINT WARNING * * *
You see here a bullfrog corpse.
You butcher the bullfrog corpse.
The electric eel shoots out a bolt of lightning at you!
The bolt of electricity hits you.
You die...

# #.##..≈≈..≈#
#.#...?≈≈≈≈≈..
.#..#.≈≈≈≈≈≈P .....≈≈≈≈.≈.
... ≈≈≈≈≈≈. #######
#.#♣≈≈≈[≈≈P
#.....########.#.;≈.≈≈≈?
#.....##..@......P.≈....
###.....##.######....P....
........##.# ###.......
#.....).<# #######
##########


You could see an electric eel.

Vanquished Creatures
  Pikel (D:4)
  The ghost of diiiiiane the Firebug, a novice DEFE (D:5)
  Eustachio (D:4)
  An orc warrior (D:7)
  A necrophage (D:6)
  An ogre (D:5)
  A big kobold (D:5)
  4 bullfrogs
  A howler monkey (D:4)
  A hound (D:4)
  A centaur skeleton (D:5)
  Jessica (D:2)
  4 iguanas
  2 orc wizards (D:7)
  A worker ant (D:6)
  3 gnolls (D:2)
  11 adders
  An ooze (D:1)
  4 worms
  3 dart slugs
  2 leopard geckos
  9 orcs
  4 ball pythons
  6 giant cockroaches
  4 goblins
  7 hobgoblins
  18 jackals
  A quokka (D:5)
  10 bats
  7 frilled lizards
  16 kobolds
  A leopard gecko skeleton (D:5)
  A quokka skeleton (D:5)
  A quokka zombie (D:5)
  7 rats
138 creatures vanquished.

Vanquished Creatures (others)
  A leopard gecko (D:4)
  A fungus (D:5)
  A plant (D:5)
3 creatures vanquished.

Grand Total: 141 creatures vanquished

Notes
Turn   | Place    | Note
-------+----------+-------------------------------------------
     0 | D:1      | Mrkan the Troll Monk began the quest for the Orb.
     0 | D:1      | Reached XP level 1. HP: 22/22 MP: 0/0
    83 | D:1      | Reached XP level 2. HP: 29/29 MP: 1/1
   463 | D:1      | Reached XP level 3. HP: 36/36 MP: 2/2
   767 | D:2      | Reached skill level 4 in Unarmed Combat
   841 | D:2      | Reached XP level 4. HP: 45/45 MP: 3/3
   910 | D:2      | Noticed Jessica
   922 | D:2      | Killed Jessica
  1321 | D:2      | Reached skill level 5 in Unarmed Combat
  1429 | D:2      | Reached XP level 5. HP: 53/53 MP: 4/4
  1663 | D:3      | Found an iron altar of Okawaru.
  1672 | D:3      | Became a worshipper of Warmaster Okawaru
  1672 | D:3      | Reached * piety under Okawaru
  1672 | D:3      | Reached ** piety under Okawaru
  2293 | D:4      | Noticed Pikel
  2293 | D:4      | Noticed a slave
  2293 | D:4      | Noticed a slave
  2293 | D:4      | Noticed a slave
  2294 | D:4      | Noticed a slave
  2320 | D:4      | Killed Pikel
  2320 | D:4      | Reached *** piety under Okawaru
  2320 | D:4      | Reached skill level 7 in Unarmed Combat
  2320 | D:4      | Reached XP level 6. HP: 41/63 MP: 5/5
  2320 | D:4      | Reached XP level 7. HP: 46/71 MP: 6/6
  2495 | D:4      | Reached skill level 1 in Throwing
  2498 | D:4      | Reached **** piety under Okawaru
  2502 | D:4      | Noticed Eustachio
  2531 | D:4      | Killed Eustachio
  2916 | D:5      | Entered Level 5 of the Dungeon
  2944 | D:5      | Found a staircase to the Ecumenical Temple.
  3092 | D:5      | Reached skill level 5 in Fighting
  3092 | D:5      | Reached XP level 8. HP: 58/80 MP: 7/7
  3390 | D:5      | Found a runed translucent gate.
  3391 | D:5      | Found a runed translucent gate.
  3391 | D:5      | Noticed diiiiiane's ghost (novice DEFE)
  3392 | D:5      | Found a runed translucent gate.
  3488 | D:5      | Killed diiiiiane's ghost
  3830 | D:6      | Reached skill level 5 in Throwing
  4519 | D:7      | Received a gift from Okawaru
  4621 | D:7      | HP: 2/82 [electric eel/bolt of electricity (10)]
  4622 | D:7      | Killed from afar by an electric eel

Levels and vault maps discovered:
D:1:      tarquinn_simple_flora_water_e, layout_basic
D:2:      layout_loops_corners, serial_bayou, serial_bayou_lagoon_b,
          serial_bayou_shore_b, serial_bayou_crossing, serial_bayou_pond_c,
          minivault_19, hangedman_feature_mirror, uniq_jessica
D:3:      minmay_spotlight, layout_loops_ring, marbit_many_paths
D:4:      minmay_diamond_boxcup, layout_rooms, first_ration,
          chequers_serial_rivers_micro_b, saegor_snake_ambush, uniq_pikel,
          uniq_eustachio
D:5:      layout_rooms, minmay_temple_entry_large_hall,
          gammafunk_ghost_nasty_kobolds, hangedman_decor_slide_cut
D:6:      layout_basic
D:7:      layout_loops_cross, serial_bayou_pond_b

Skill      XL: |  1  2  3  4  5  6  7  8 |
---------------+-------------------------+-----
Unarmed Combat | 4 5 7 |  7.1
Fighting       | 3 4 5 6 |  6.1
Throwing       | 3 6 |  6.2
Dodging        | |  2.4
Stealth        | |  1.0

Action                   |  1- 3 |  4- 6 |  7- 9 || total
-------------------------+-------+-------+-------++-------
Melee: Unarmed           |    85 |   118 |   230 ||   433
       Punch             |     1 |     3 |     2 ||     6
  Use: Scroll            |       |       |    10 ||    10
       Potion            |       |       |     1 ||     1
 Stab: Sleeping          |     2 |     2 |     1 ||     5
  Eat: Chunk             |    13 |    12 |    20 ||    45
Armor: Robe              |    46 |    40 |   104 ||   190
Dodge: Dodged            |    62 |    44 |   121 ||   227
